AoeStats
← Your_Dad

Fortress

508761367Analyzed
4v4 RM · 10d ago on Sep 23, 2026· 37m 0s· 8 players
Game mode
Random Map
Map size
Huge
Population
200
Speed
Normal
Resources
Standard
Victory
Conquest
Starting age
Dark Age
Ending age
Imperial Age
RankedLock teamsTeams togetherTeam positionsShared explorationLock speedFull tech treeHidden civsTurbo modeCheats
Victory
Defeat
🇺🇸 Britons · United States
976
+16
🇺🇸 Bohemians · United States
954
+17
🇨🇦 Spanish · Canada
941
+17
🇺🇸 Turks · United States
939
+17
🇺🇸 Varangians · United States
1008
-18
🇦🇷 Khmer · Argentina
984
-17
🇺🇸 Danes · United States
957
-16
🇵🇱 Saxons · Poland
946
-30
Jan
8:01 Feudal Age
8:31 Double-Bit Axe
8:29 Horse Collar
8:42 Gold Mining
9:13 Stone Mining
14:00 Castle Age
16:40 Gold Shaft Mining
18:07 Heavy Plow
18:28 Bow Saw
26:32 Imperial Age
24:50 Fletching
25:01 Padded Archer Armor
26:18 Wheelbarrow
25:29 Loom
25:30 Town Watch
25:46 Bodkin Arrow
26:01 Squires
25:46 Arson
26:22 Forging
26:18 Scale Barding Armor
26:16 Husbandry
27:02 Leather Archer Armor
27:41 Hand Cart
28:18 Ballistics
28:13 Fortified Wall
28:18 Bloodlines
29:00 Artillery
28:34 Sappers
29:30 Elite Janissary
30:47 Bracer
33:34 Two-Man Saw
32:48 Forging
32:46 Scale Barding Armor
32:44 Heavy Camel Rider
35:59 Ring Archer Armor
37:40 Iron Casting
37:26 Chain Barding Armor
Standing Alone!
7:10 Feudal Age
7:41 Horse Collar
8:13 Loom
16:12 Castle Age
14:24 Double-Bit Axe
14:39 Stone Mining
15:38 Gold Mining
16:09 Fletching
19:18 Bodkin Arrow
20:41 Ballistics
21:34 Wheelbarrow
21:15 Padded Archer Armor
21:06 Town Watch
27:45 Imperial Age
27:22 Hand Cart
27:35 Yeomen
28:47 Bow Saw
28:39 Heavy Plow
29:17 Gold Shaft Mining
29:59 Bracer
31:14 Leather Archer Armor
31:29 Elite Longbowman
33:19 Warwolf
33:44 Conscription
34:58 Chemistry
36:13 Siege Engineers
n2844522
7:49 Feudal Age
9:44 Loom
14:05 Castle Age
12:14 Horse Collar
12:22 Double-Bit Axe
15:47 Loom
18:53 Imperial Age
19:40 Chemistry
20:03 Fletching
36:35 Padded Archer Armor
duval0408
7:25 Loom
9:12 Feudal Age
11:02 Double-Bit Axe
15:22 Castle Age
13:38 Gold Mining
14:14 Stone Mining
14:07 Horse Collar
16:24 Pikeman
17:55 Bow Saw
19:08 Heavy Plow
19:58 Scale Barding Armor
27:28 Imperial Age
25:45 Wheelbarrow
25:56 Wheelbarrow
29:01 Bloodlines
28:14 Light Cavalry
30:02 Padded Archer Armor
30:15 Forging
30:06 Scale Mail Armor
29:47 Halberdier
31:54 Chemistry
31:10 Hussar
35:31 Cavalier
Your_Dad
7:33 Feudal Age
9:40 Double-Bit Axe
9:38 Horse Collar
12:05 Wheelbarrow
12:22 Scale Mail Armor
12:33 Forging
12:13 Fletching
12:25 Arson
15:17 Castle Age
14:00 Loom
16:21 Bow Saw
16:16 Squires
16:02 Gambesons
16:17 Bodkin Arrow
16:39 Chain Mail Armor
17:45 Iron Casting
18:50 Gold Mining
29:52 Imperial Age
27:47 Hand Cart
29:34 Thumb Ring
29:38 Padded Archer Armor
31:10 Cranequins
33:35 Conscription
34:22 Ballistics
oKC CHIEFS FANo
2:22 Loom
6:36 Feudal Age
7:14 Double-Bit Axe
7:11 Horse Collar
13:46 Castle Age
13:46 Gold Mining
13:49 Stone Mining
17:26 Bow Saw
18:23 Heavy Plow
22:35 Scale Barding Armor
22:41 Forging
24:08 Bloodlines
23:59 Husbandry
25:17 Wheelbarrow
24:29 Town Watch
25:16 Chain Barding Armor
27:09 Iron Casting
Viking
4:22 Loom
10:33 Feudal Age
14:32 Castle Age
17:52 Imperial Age
15:41 Fletching
16:20 Double-Bit Axe
16:36 Bodkin Arrow
21:49 Conscription
22:43 Squires
24:08 Scale Mail Armor
24:18 Forging
33:23 Arson
ADORNI
5:14 Loom
7:03 Feudal Age
11:17 Castle Age
9:15 Double-Bit Axe
9:34 Horse Collar
11:15 Gold Mining
12:34 Bow Saw
12:26 Heavy Plow
14:46 Wheelbarrow
18:13 Hand Cart
26:17 Bloodlines
26:27 Padded Archer Armor
27:07 Husbandry
28:23 Leather Archer Armor
29:49 Gold Shaft Mining
31:15 Fletching
Connection lost

Rejoining the realm…

Still unreachable

The connection could not be restored.

Session expired

The server has moved on; the page needs a fresh start.